 Dungeon Crawl Stone Soup version 0.20-a0-1109-ge3cd172 (webtiles) character file.

112 Monsterracer the Changer (level 4, -2/38 HPs)
             Began as a Naga Transmuter on May 5, 2017.
             Slain by a hobgoblin (4 damage)
             ... on level 2 of the Dungeon.
             The game lasted 00:05:30 (2292 turns).

Monsterracer the Changer (Naga Transmuter)          Turns: 2292, Time: 00:05:32

Health: -2/38      AC:  2    Str: 18    XL:     4   Next: 95%
Magic:  7/7        EV: 10    Int: 14    God:
Gold:   91         SH:  0    Dex: 12    Spells: 3/7 levels left

rFire    . . .     SeeInvis +     - Unarmed
rCold    . . .     Gourm    .   (no shield)
rNeg     . . .     Faith    .   b - +0 robe
rPois    +         Spirit   .   (no helmet)
rElec    .         Reflect  .   (no cloak)
rCorr    .         Harm     .   (no gloves)
MR       .....                  (no barding)
Stlth    ..........             (no amulet)
Regen    0.2/turn               h - ring of loudness (curse)
MPRegen  0.1/turn               i - +6 ring of strength

@: short of breath, very slow
A: see invisible, deformed body, poison resistance, slowness 2, slow metabolism
1, spit poison 1, AC +1
a: Spit Poison


You were on level 2 of the Dungeon.
You were very hungry.

You visited 1 branch of the dungeon, and saw 2 of its levels.

You collected 91 gold pieces.

Inventory:

Armour
 b - a +0 robe (worn)
Jewellery
 h - a cursed ring of loudness (left hand)
 i - a +6 ring of strength (right hand)
Scrolls
 g - 2 scrolls of amnesia {unknown}
 j - 4 scrolls of identify
 l - a scroll of teleportation {unknown}
Potions
 e - a potion of lignification
Books
 c - a book of Changes

   Spells                             Type                      Level
   a - Beastly Appendage              Transmutation                1
   b - Sticks to Snakes               Transmutation                2
   c - Spider Form                    Transmutation/Poison         3
   d - Ice Form                       Ice/Transmutation            4
   e - Blade Hands                    Transmutation                5
Comestibles
 a - 2 royal jellies
 d - 2 bread rations
 f - 2 meat rations


   Skills:
 - Level 1.0 Fighting
 - Level 1.5 Dodging
 - Level 3.0 Unarmed Combat
 - Level 2.0 Spellcasting
 + Level 4.9 Transmutations


You had 3 spell levels left.
You knew the following spells:

 Your Spells              Type           Power        Failure   Level  Hunger
a - Beastly Appendage     Tmut           ###...       3%          1    ##.....
b - Spider Form           Tmut/Pois      #.........   26%         3    ####...


Dungeon Overview and Level Annotations

Branches:
Dungeon (2/15)

Altars:


Innate Abilities, Weirdness & Mutations

You cannot wear boots.
Your serpentine skin is tough. (AC +1)
You have supernaturally acute eyesight. (SInv)
Armour fits poorly on your strangely shaped body.
Your system is resistant to poisons. (rPois)
You cover ground very slowly.
You have a slow metabolism.
You can spit poison.


Message History

Aim: an adder (heavily wounded)
The splash of poison misses the adder.
The splash of poison hits the hobgoblin.
The hobgoblin is poisoned.
The hobgoblin is lightly wounded.
You feel slightly more hungry. The adder bites you but does no damage.
The adder closely misses you. The adder barely misses you.
The hobgoblin looks more healthy.
The adder closely misses you.
Your horns disappear.
The adder completely misses you.
You have got your breath back.
The adder bites you but does no damage.
Press: ? - help, Shift-Dir - straight line, f/p - adder
Aim: an adder (heavily wounded)
The splash of poison hits the adder.
The adder is poisoned.
You kill the adder!
You are feeling very hungry.
The hobgoblin hits you.
You die...

..=.................#
###...........#.....# #
#####...######....### # #...#
#......# # #...# #.##.#.# #### #
#...# #.##.#.###.... # ##.##
#.##.......##.# # #.#
#.####.#....... . # ######.##
#@####...##.# .. #.......#
#.g†....## ##.
#.####..############.# ...
###.#..........# ### #.## #S# .
..........#.##.###.###..##.##....
....#.###.........#.###..†.g.....
#.#.#.##.......###.###########.##
..#.......#.###.......#
..#.#.......# #.##.##.#


You could see a hobgoblin.

Vanquished Creatures
  Robin (D:2)
  3 adders (D:2)
  An ooze (D:1)
  2 dart slugs (D:1)
  3 leopard geckos
  2 ball pythons
  4 bats
  A giant cockroach (D:2)
  17 goblins
  9 hobgoblins
  8 jackals (D:2)
  2 frilled lizards (D:2)
  2 kobolds (D:1)
  A rat (D:1)
56 creatures vanquished.

Notes
Turn   | Place    | Note
-------+----------+-------------------------------------------
     0 | D:1      | Monsterracer the Naga Transmuter began the quest for the Orb.
     0 | D:1      | Reached XP level 1. HP: 18/18 MP: 3/3
    82 | D:1      | Reached XP level 2. HP: 3/25 MP: 3/5
   436 | D:1      | Reached skill level 3 in Transmutations
   664 | D:1      | Reached XP level 3. HP: 28/31 MP: 4/6
   669 | D:1      | Learned a level 3 spell: Spider Form
  1136 | D:2      | Noticed Robin
  1412 | D:2      | Killed Robin
  1412 | D:2      | Reached skill level 4 in Transmutations
  1412 | D:2      | Reached XP level 4. HP: 29/38 MP: 4/7
  2284 | D:2      | HP: 1/38 [adder (2)]
  2292 | D:2      | Slain by a hobgoblin

Vault maps used:
D:1:      scummos_arrival_star
D:2:      first_bread, minmay_ruptured, uniq_robin

Skill      XL: |  1  2  3 |
---------------+----------+-----
Transmutations | 3 4 |  4.9
Fighting       | |  1.0
Dodging        | |  1.5
Unarmed Combat | |  3.0
Spellcasting   | |  2.0

Action                   |  1- 3 |  4- 6 || total
-------------------------+-------+-------++-------
Melee: Unarmed           |   107 |    97 ||   204
       Headbutt          |    10 |     6 ||    16
       Punch             |     1 |       ||     1
 Cast: Beastly Appendage |    11 |     7 ||    18
       Spider Form       |     2 |       ||     2
 Abil: Spit Poison       |     1 |     5 ||     6
  Use: Potion            |     2 |       ||     2
       Scroll            |       |     1 ||     1
 Stab: Sleeping          |     1 |       ||     1
  Eat: Chunk             |       |     3 ||     3
Armor: Skin              |     2 |       ||     2
       Robe              |    17 |    21 ||    38
Dodge: Dodged            |    69 |    57 ||   126
